 Dungeon Crawl Stone Soup version 0.29-a0-648-g6b26cc9f40 (webtiles) character file.

Game seed: 7838797002758438600

291 Bruhh the Ogre Mage (level 6, 0/48 (53) HPs)
             Began as an Ogre Venom Mage on June 20, 2022.
             Slain by an adder (2 damage)
             ... on level 4 of the Dungeon.
             The game lasted 00:04:07 (5163 turns).

Bruhh the Ogre Mage (Ogre Venom Mage)               Turns: 5163, Time: 00:04:07

HP:   0/48 (53)     AC:  4    Str: 15    XL:     6   Next: 32%
MP:   1/13          EV:  9    Int: 16    God:
Gold: 173           SH:  0    Dex:  9    Spells: 8/15 levels left

rFire   . . .      SeeInvis .   k - staff of poison
rCold   . . .      Faith    .   (no shield)
rNeg    . . .      Spirit   .   a - +1 robe
rPois   +          Reflect  .   (helmet restricted)
rElec   .          Harm     .   (no cloak)
rCorr   .          Rampage  .   (gloves unavailable)
Will    .....                   (boots unavailable)
Stlth   +.........              (no amulet)
HPRegen 0.16/turn               (no ring)
MPRegen 0.13/turn               (no ring)

@: attractive, drained
A: large, unfitting armour, tough skin 1
a: no special abilities


You were on level 4 of the Dungeon.
You visited 1 branch of the dungeon, and saw 4 of its levels.

You collected 173 gold pieces.

Inventory:

Armour
 a - a +1 robe (worn)
Magical Staves
 k - a staff of poison (weapon)
Jewellery
 i - a ring of ice
 r - a ring of magical power
Scrolls
 c - a scroll of immolation
 d - 4 scrolls of identify
 h - a scroll of amnesia {unknown}
 m - a scroll of fog {unknown}
 n - a scroll of fear {unknown}
 p - a scroll of noise {unknown}
Potions
 b - a potion of magic
 e - a potion of brilliance {unknown}
 q - a potion of flight
 s - a potion of heal wounds {unknown}


   Skills:
 - Level 1.7 Dodging
 - Level 1.4 Stealth
 + Level 5.3 Spellcasting
 - Level 0.8 Transmutations
 + Level 4.8 Poison Magic


You had 8 spell levels left.
You knew the following spells:

 Your Spells              Type           Power      Damage    Failure   Level
a - Sting                 Tmut/Pois      80%        1d7       4%          1
b - Poisonous Vapours     Pois/Air       36%        N/A       9%          2
c - Olgreb's Toxic Radia  Pois           29%        N/A       21%         4

Your spell library contained the following spells:

 Spells                   Type           Power      Damage    Failure   Level
 Slow                     Hex            16%        N/A       16%         1
 Mephitic Cloud           Conj/Pois/Air  14%        N/A       22%         3
 Confusing Touch          Hex            4%         N/A       41%         3
 Ozocubu's Armour         Ice            4%         N/A       41%         3
 Tukima's Dance           Hex            4%         N/A       41%         3
 Vampiric Draining        Necr           4%         2d6       41%         3
 Corpse Rot               Necr/Pois/Air  14%        N/A       58%         4
 Passage of Golubria      Tloc           4%         N/A       83%         4
 Yara's Violent Unravell  Hex/Tmut       2%         3d3       98%         5
 Ozocubu's Refrigeration  Ice            2%         4d5       100%        7


Dungeon Overview and Level Annotations

Branches:
Dungeon (4/15)
 Temple: D:4-7

Altars:

Annotations:
D:3 Grinder, Sigmund
D:4 Blork the orc


Innate Abilities, Weirdness & Mutations

You are too large for most types of armour.
You have tough skin. (AC +1)


Message History

Blork the orc is lightly wounded.
Blork the orc casts a spell at you. The magic dart hits you.
Casting: Sting (safe; 4% risk of failure)
Confirm with . or Enter, or press ? or * to list all spells.
The spell is quite dangerous to miscast (21% risk of failure)!
Continue anyway?
You feel a surge of power!
You begin to radiate toxic energy.
The hobgoblin is poisoned. x2; The adder is poisoned.
You kill the hobgoblin!
Unknown command.
Unknown command.
You hit Blork the orc but do no damage.
Blork the orc is heavily wounded.
You kill the hobgoblin!
Your toxic aura wanes.
Blork the orc barely misses you.
Blork the orc hits you with a +0 dire flail.
The adder closely misses you.
You hit Blork the orc but do no damage.
Blork the orc is severely wounded.
Blork the orc closely misses you. The adder barely misses you.
Blork the orc hits you with a +0 dire flail!
Unknown command.
Okay, then.
As you read the scroll labelled AWORCHOEGOGH, it crumbles to dust.
It is a scroll of enchant armour.
Your +0 robe glows green for a moment.
The adder closely misses you. Blork the orc casts a spell at you.
The puff of flame hits you!
* * * LOW HITPOINT WARNING * * *
The adder misses you.
Press: ? - help, v - describe, . - travel
Here: an adder (almost dead, poisoned)
The floor.
It was a potion of attraction.
You feel attractive to monsters.
Blork the orc hits you with a +0 dire flail!
* * * LOW HITPOINT WARNING * * *
The adder bites you.
You die...

############## ####
###............#
##..####.............#
#.##.##..............#
.#...................#
###.................##
##..............@...#
...............oS....#
....................#.#
...................## #
...................#
......>...........##
..... ......?..# .....
........## .....


You could see Blork the orc (fast, very poisoned) and an adder (poisoned).

Vanquished Creatures
  A scorpion (D:4)
  A jelly (D:3)
  An iguana (D:4)
  A gnoll (D:1)
  5 adders
  6 worms
  4 dart slugs
  8 orcs
  7 bats
  4 endoplasms
  3 giant cockroaches
  13 hobgoblins
  A jackal (D:1)
  3 quokkas
  6 ball pythons
  2 frilled lizards (D:1)
  7 goblins
  5 kobolds
  8 rats
86 creatures vanquished.

Notes
Turn   | Place    | Note
-------+----------+-------------------------------------------
     0 | D:1      | Bruhh the Ogre Venom Mage began the quest for the Orb.
     0 | D:1      | Reached XP level 1. HP: 16/16 MP: 3/3
   349 | D:1      | Reached skill level 3 in Spellcasting
   349 | D:1      | Reached XP level 2. HP: 12/24 MP: 1/6
   875 | D:1      | Reached XP level 3. HP: 20/31 MP: 0/7
   982 | D:1      | Found a faded altar of an unknown god.
  2391 | D:2      | Reached XP level 4. HP: 29/39 MP: 0/9
  3330 | D:2      | Learned a level 2 spell: Poisonous Vapours
  3378 | D:3      | Noticed Grinder
  3378 | D:3      | Noticed a water moccasin
  3420 | D:3      | Reached skill level 4 in Spellcasting
  3832 | D:3      | Reached XP level 5. HP: 25/45 MP: 1/11
  4077 | D:3      | Noticed Sigmund
  4601 | D:4      | Reached skill level 5 in Spellcasting
  4601 | D:4      | Reached XP level 6. HP: 22/45 MP: 7/13
  4606 | D:4      | Learned a level 4 spell: Olgreb's Toxic Radiance
  5152 | D:4      | Noticed Blork the orc
  5163 | D:4      | HP: 2/48 [Blork the orc/+0 dire flail (11)]
  5163 | D:4      | Slain by an adder

Illustrated notes

Levels and vault maps discovered:
D:1:      dpeg_arrival_solitude, layout_loops_corners,
          hellmonk_ecumenical_altar_prayer_group, minivault_23, minmay_tall_x
D:2:      kennysheep_six_static_rooms, layout_basic, serial_corexii_hall,
          chequers_hall_statues_corner_a, chequers_hall_statues_wall_a
D:3:      layout_basic, mainiacjoe_overflow_tiny_flanked, uniq_sigmund,
          uniq_grinder
D:4:      layout_layer_cave, mainiacjoe_overflow_catwalk, serial_rivers,
          chequers_serial_rivers_marsh, chequers_serial_rivers_micro_b,
          chequers_serial_rivers_small_3, chequers_serial_rivers_micro_b,
          chequers_serial_rivers_micro_b, chequers_serial_rivers_small_b,
          lightli_sewer_entry_pipes, uniq_blork_the_orc

Skill      XL: |  1  2  3  4  5 |
---------------+----------------+-----
Spellcasting   | 3 4 5 |  5.3
Poison Magic   | 3 4 |  4.8
Dodging        | |  1.7
Stealth        | |  1.4
Transmutations | |  0.8

Action                   |  1- 3 |  4- 6 || total
-------------------------+-------+-------++-------
Melee: Unarmed           |    39 |       ||    39
       Staff             |    25 |    69 ||    94
       Punch             |       |     1 ||     1
 Cast: Sting             |    62 |    96 ||   158
       Olgreb's Toxic Ra |       |     4 ||     4
       Poisonous Vapours |       |     4 ||     4
  Use: Scroll            |       |     4 ||     4
       Potion            |       |     4 ||     4
 Stab: Sleeping          |     1 |     1 ||     2
Armor: Robe              |    33 |    23 ||    56
Dodge: Dodged            |    58 |    56 ||   114

Table legend: (Time is in decaauts)
 A = Elapsed time spent in this place.
 B = Non-inter-level travel time spent in this place.
 C = Inter-level travel time spent in this place.
 D = Time resting spent in this place.
 E = Time spent auto-exploring this place.
 F = Levels seen in this place.
 G = Mean time per level.
                   A        B        C        D        E       F      G
               +--------+--------+--------+--------+--------+-----+--------+
         Total |   5218 |   5175 |     43 |      0 |   4512 |   4 | 1304.5 |
       Dungeon |   5218 |   5175 |     43 |      0 |   4512 |   4 | 1304.5 |
               +--------+--------+--------+--------+--------+-----+--------+

Top non-repeatable levels by time:
     D:2: 1782 daAuts
     D:1: 1626 daAuts
     D:4: 1126 daAuts
     D:3: 683 daAuts
